AoeStats
← _LY_抖音肥龙

Nomad

508565849Analyzed
4v4 RM · 9d ago on Sep 23, 2026· 42m 51s· 8 players
Game mode
Random Map
Map size
231×231
Population
200
Speed
Normal
Resources
Standard
Victory
Conquest
Starting age
Dark Age
Ending age
Imperial Age
RankedLock teamsTeams togetherTeam positionsShared explorationLock speedFull tech treeHidden civsTurbo modeCheats
Victory
Defeat
🇲🇽 Franks · Mexico
1851
+9
🇭🇰 Varangians · Hong Kong SAR China
1845
+9
🇧🇷 Vietnamese · Brazil
1825
+10
🇲🇽 Danes · Mexico
1642
+17
🇦🇷 Vietnamese · Argentina
1784
-15
🇦🇷 Dravidians · Argentina
1706
-12
🇦🇷 Japanese · Argentina
1682
-11
🇮🇳 Varangians · India
1552
-7
MZTK | GO1_mx
4:58 Loom
13:52 Feudal Age
18:12 Castle Age
15:58 Double-Bit Axe
16:32 Gold Mining
16:47 Fletching
17:57 Stone Mining
19:17 Town Watch
20:37 Wheelbarrow
24:02 Bow Saw
30:11 Bodkin Arrow
30:32 Bow Saw
36:43 Imperial Age
34:35 Husbandry
35:05 Scale Barding Armor
35:38 Forging
36:55 Chain Barding Armor
36:49 Cavalier
40:53 Plate Barding Armor
42:27 Conscription
42:47 Ballistics
43:27 Chemistry
43:56 Iron Casting
43:22 Padded Archer Armor
UxCima
5:30 Loom
8:45 Loom
12:07 Feudal Age
12:40 Double-Bit Axe
14:19 Town Watch
20:22 Castle Age
18:17 Stone Mining
19:42 Forging
19:37 Horse Collar
20:36 Fishing Lines
24:30 Bow Saw
28:25 Fletching
30:00 Wheelbarrow
30:01 Gillnets
31:54 Horse Collar
32:39 Gold Mining
37:13 Imperial Age
34:55 Bodkin Arrow
35:20 Hand Cart
35:34 Padded Archer Armor
36:41 Ballistics
36:29 Heavy Plow
37:24 Heavy Mounted Crossbowman
37:25 Cranequins
38:23 Thumb Ring
39:11 Gold Shaft Mining
39:44 Chemistry
40:08 Leather Archer Armor
40:34 Bloodlines
40:24 Husbandry
40:35 Siege Engineers
41:17 Stone Shaft Mining
40:54 Masonry
41:53 Conscription
41:55 Bracer
42:25 Ring Archer Armor
42:50 Hamask
_LY_抖音肥龙
14:16 Feudal Age
14:47 Fishing Lines
17:43 Castle Age
16:15 Horse Collar
18:27 Loom
18:46 Double-Bit Axe
20:35 Scale Barding Armor
25:43 Wheelbarrow
26:42 Forging
Agressive
3:51 Loom
12:31 Feudal Age
17:00 Castle Age
15:32 Stone Mining
15:46 Double-Bit Axe
18:34 Bow Saw
18:28 Fletching
19:05 Horse Collar
21:54 Bodkin Arrow
25:04 Padded Archer Armor
24:56 Gold Mining
27:11 Wheelbarrow
26:28 Town Watch
32:31 Imperial Age
30:52 Stone Shaft Mining
30:53 Leather Archer Armor
31:06 Heavy Plow
32:17 Ballistics
32:06 Thumb Ring
32:56 Hand Cart
34:25 Chemistry
33:54 Bracer
35:24 Paper Money
35:41 Crop Rotation
36:11 Two-Man Saw
35:08 Elite Rattan Archer
36:59 Ring Archer Armor
37:44 Siege Engineers
38:24 Onager
42:45 Forging
42:35 Scale Mail Armor
42:41 Scale Barding Armor
42:48 Masonry
42:19 Treadmill Crane
23
4:33 Loom
14:22 Feudal Age
19:45 Castle Age
17:48 Double-Bit Axe
18:11 Horse Collar
19:02 Stone Mining
19:23 Fishing Lines
24:06 Gold Mining
25:02 Town Watch
FutureEwe5582
10:03 Loom
12:09 Feudal Age
15:56 Castle Age
13:58 Double-Bit Axe
16:01 Town Watch
16:57 Bow Saw
18:10 Fletching
21:58 Horse Collar
24:01 Bodkin Arrow
25:08 Ballistics
27:53 Guard Tower
27:47 Treadmill Crane
28:38 Guard Tower
29:27 Scale Mail Armor
29:38 Forging
30:13 Wheelbarrow
30:17 Gold Mining
31:32 Squires
37:22 Imperial Age
35:50 Gold Shaft Mining
35:16 Heavy Plow
35:46 Padded Archer Armor
36:41 Thumb Ring
37:49 Leather Archer Armor
38:45 Bracer
MUERE CACA
6:37 Loom
13:05 Feudal Age
16:53 Castle Age
15:14 Fletching
17:36 Bodkin Arrow
17:29 Double-Bit Axe
18:33 Medium Warships
18:37 Bow Saw
23:01 Fishing Lines
24:33 Town Watch
RománMás3
4:52 Loom
13:13 Feudal Age
16:53 Castle Age
15:49 Town Watch
15:51 Double-Bit Axe
16:54 Fishing Lines
17:48 Bow Saw
17:41 Fletching
18:33 Bodkin Arrow
19:56 Gillnets
20:46 Horse Collar
23:53 Padded Archer Armor
24:53 Gold Mining
25:38 Heavy Plow
26:12 Stone Mining
27:14 Wheelbarrow
27:22 Wheelbarrow
Connection lost

Rejoining the realm…

Still unreachable

The connection could not be restored.

Session expired

The server has moved on; the page needs a fresh start.